2963 views
Uploaded 2020-03-25 17:25:41
Game version 1.32 / 1.32.1
28:56 long 1on7 custom game on 7 Blademasters Remix
Game name "7 BLADEMASTERZ"
Saved by rYu
2963 views
Uploaded 2020-03-25 17:25:41
Game version 1.32 / 1.32.1
28:56 long 1on7 custom game on 7 Blademasters Remix
Game name "7 BLADEMASTERZ"



| Ankh of Reincarnation | 2 | 900 |
| Healing Wards | 5 | 2250 |
| Tome of Agility +2 | 2 | 0 |
| total: | 9 | 3150g |
| 0:24 | Critical Strike |
| 1:30 | Flame Strike |
| 3:25 | Summon Lava Spawn |
| 5:34 | Flame Strike |
| 6:02 | Ankh of Reincarnation |
| 7:17 | Healing Wards |
| 7:21 | Summon Lava Spawn |
| 8:01 | Healing Wards |
| 9:06 | Volcano |
| 10:43 | Healing Wards |
| 12:20 | Tome of Agility +2 |
| 12:20 | Tome of Agility +2 |
| 12:43 | Summon Lava Spawn |
| 14:43 | Healing Wards |
| 20:34 | Flame Strike |
| 23:44 | Healing Wards |
| 26:44 | Ankh of Reincarnation |
| Right click | 979 |
| Chat | 314 |
| Select | 146 |
| Build/train/purchase | 51 |
| Use ability | 50 |
| Resource trade | 4 |
| Ankh of Reincarnation | 2 | 900 |
| Tome of Agility +2 | 2 | 0 |
| total: | 4 | 900g |
| 3:28 | Frost Armor |
| 6:59 | Frost Armor |
| 8:35 | Ankh of Reincarnation |
| 10:20 | Ankh of Reincarnation |
| 11:24 | Tome of Agility +2 |
| 11:43 | Tome of Agility +2 |
| Right click | 494 |
| Select | 140 |
| Use ability | 20 |
| Build/train/purchase | 18 |
| Misc. action | 1 |
| Item give/drop | 1 |
| Ankh of Reincarnation | 2 | 900 |
| Runed Bracers | 1 | 400 |
| Potion of Greater Mana | 1 | 400 |
| Tome of Agility +2 | 6 | 0 |
| Tome of Intelligence +2 | 3 | 0 |
| total: | 13 | 1700g |
| 0:41 | Holy Light |
| 1:31 | Brilliance Aura |
| 3:17 | Ankh of Reincarnation |
| 3:23 | Healing Wave |
| 5:23 | Divine Shield |
| 6:28 | Tome of Agility +2 |
| 7:20 | Holy Light |
| 9:33 | Starfall |
| 11:45 | Ankh of Reincarnation |
| 12:52 | Tome of Intelligence +2 |
| 12:54 | Tome of Agility +2 |
| 14:18 | Holy Light |
| 16:32 | Tome of Intelligence +2 |
| 16:34 | Tome of Intelligence +2 |
| 21:16 | Brilliance Aura |
| 22:20 | Tome of Agility +2 |
| 22:20 | Tome of Agility +2 |
| 22:20 | Tome of Agility +2 |
| 22:20 | Tome of Agility +2 |
| 25:49 | Runed Bracers |
| 25:53 | Potion of Greater Mana |
| Right click | 1596 |
| Select | 123 |
| Select group | 97 |
| Use ability | 91 |
| Build/train/purchase | 32 |
| Misc. action | 4 |
| Minimap ping | 4 |
| Assign group | 1 |
| Ankh of Reincarnation | 2 | 900 |
| Tome of Agility +2 | 10 | 0 |
| Manual of Health | 2 | 0 |
| Serathil | 1 | 0 |
| Searing Blade | 1 | 0 |
| total: | 16 | 900g |
| 0:26 | Endurance Aura |
| 1:29 | Forked Lightning |
| 3:26 | Chain Lighting |
| 4:38 | Ankh of Reincarnation |
| 4:44 | Tome of Agility +2 |
| 5:20 | Chain Lighting |
| 7:18 | Chain Lighting |
| 7:53 | Tome of Agility +2 |
| 9:05 | Bladestorm |
| 9:15 | Tome of Agility +2 |
| 9:15 | Tome of Agility +2 |
| 10:27 | Tome of Agility +2 |
| 10:27 | Tome of Agility +2 |
| 10:27 | Tome of Agility +2 |
| 11:11 | Ankh of Reincarnation |
| 12:11 | Tome of Agility +2 |
| 12:11 | Tome of Agility +2 |
| 12:57 | Endurance Aura |
| 13:13 | Forked Lightning |
| 16:04 | Manual of Health |
| 16:09 | Tome of Agility +2 |
| 21:34 | Serathil |
| 21:59 | Searing Blade |
| 25:53 | Manual of Health |
| Right click | 1551 |
| Select | 192 |
| Use ability | 72 |
| Build/train/purchase | 56 |
| Select group | 24 |
| Chat | 18 |
| Resource trade | 8 |
| Item give/drop | 4 |
| Minimap ping | 3 |
| Assign group | 1 |
| Misc. action | 1 |
| Potion of Healing | 1 | 150 |
| Tome of Power | 1 | 1250 |
| Ankh of Reincarnation | 1 | 450 |
| Tome of Agility +2 | 10 | 0 |
| total: | 13 | 1850g |
| 0:25 | Fan of Knives |
| 3:25 | Fan of Knives |
| 6:13 | Potion of Healing |
| 7:15 | Fan of Knives |
| 7:48 | Tome of Power |
| 9:14 | Ankh of Reincarnation |
| 10:23 | Tome of Agility +2 |
| 11:56 | Tome of Agility +2 |
| 11:57 | Tome of Agility +2 |
| 11:57 | Tome of Agility +2 |
| 14:53 | Wind Walk |
| 16:06 | Tome of Agility +2 |
| 16:06 | Tome of Agility +2 |
| 16:06 | Tome of Agility +2 |
| 21:51 | Tome of Agility +2 |
| 21:51 | Tome of Agility +2 |
| 26:03 | Tome of Agility +2 |
| Right click | 1841 |
| Chat | 273 |
| Select group | 205 |
| Select | 196 |
| Build/train/purchase | 187 |
| Misc. action | 160 |
| Use ability | 34 |
| Esc | 5 |
| Resource trade | 4 |
| Assign group | 1 |
| Tome of Agility +2 | 8 | 0 |
| Tome of Strength +2 | 9 | 0 |
| total: | 17 | 0g |
| 0:20 | Vampiric Aura |
| 1:40 | Critical Strike |
| 2:45 | Tome of Agility +2 |
| 3:27 | Vampiric Aura |
| 5:28 | Tome of Strength +2 |
| 5:36 | Critical Strike |
| 5:55 | Tome of Agility +2 |
| 7:22 | Vampiric Aura |
| 7:52 | Tome of Agility +2 |
| 9:09 | Bladestorm |
| 10:42 | Tome of Strength +2 |
| 10:44 | Tome of Agility +2 |
| 11:36 | Tome of Strength +2 |
| 12:23 | Tome of Strength +2 |
| 13:05 | Critical Strike |
| 17:35 | Tome of Agility +2 |
| 17:37 | Tome of Strength +2 |
| 21:54 | Tome of Agility +2 |
| 21:54 | Tome of Agility +2 |
| 26:43 | Tome of Strength +2 |
| 26:54 | Tome of Agility +2 |
| 26:58 | Tome of Strength +2 |
| 27:02 | Tome of Strength +2 |
| 28:59 | Tome of Strength +2 |
| Right click | 935 |
| Select | 130 |
| Build/train/purchase | 31 |
| Use ability | 4 |
| Item give/drop | 4 |
| Ankh of Reincarnation | 1 | 450 |
| Potion of Greater Mana | 2 | 800 |
| Tome of Agility +2 | 12 | 0 |
| Tome of Intelligence +2 | 5 | 0 |
| Manual of Health | 3 | 0 |
| total: | 23 | 1250g |
| 1:29 | Thunder Clap |
| 3:48 | Ankh of Reincarnation |
| 4:57 | Tome of Agility +2 |
| 5:19 | Bash |
| 5:40 | Tome of Agility +2 |
| 7:10 | Tome of Agility +2 |
| 7:10 | Tome of Agility +2 |
| 9:08 | Avatar |
| 9:13 | Tome of Agility +2 |
| 9:13 | Tome of Agility +2 |
| 9:13 | Tome of Agility +2 |
| 10:23 | Tome of Intelligence +2 |
| 12:11 | Tome of Agility +2 |
| 12:11 | Tome of Agility +2 |
| 12:11 | Tome of Agility +2 |
| 12:25 | Tome of Intelligence +2 |
| 12:59 | Bash |
| 16:04 | Tome of Agility +2 |
| 17:26 | Tome of Intelligence +2 |
| 20:54 | Bash |
| 21:49 | Tome of Agility +2 |
| 21:50 | Tome of Intelligence +2 |
| 25:45 | Potion of Greater Mana |
| 25:52 | Tome of Intelligence +2 |
| 25:54 | Potion of Greater Mana |
| 25:59 | Manual of Health |
| 25:59 | Manual of Health |
| 25:59 | Manual of Health |
| Right click | 1362 |
| Misc. action | 125 |
| Select | 108 |
| Build/train/purchase | 104 |
| Use ability | 72 |
| Select group | 44 |
| Assign group | 19 |
| Item give/drop | 1 |